 Dungeon Crawl Stone Soup version 0.24.0-13-gcf9b3192b9 (webtiles) character file.

Game seed: 7843262391936318147, levelgen mode: deterministic

8 Metae the Ruffian (level 2, 26/28 HPs)
             Began as a Troll Warper on Nov 8, 2019.
             Quit the game on level 1 of the Dungeon.
             The game lasted 00:03:17 (327 turns).

Metae the Ruffian (Troll Warper)                     Turns: 327, Time: 00:03:17

Health: 26/28      AC:  6    Str: 18    XL:     2   Next: 0%
Magic:  3/3        EV: 10    Int:  9    God:
Gold:   73         SH:  0    Dex:  9    Spells: 3/3 levels left

rFire    . . .     SeeInvis .     - Unarmed
rCold    . . .     Gourm    +   (no shield)
rNeg     . . .     Faith    .   a - +0 robe
rPois    .         Spirit   .   (helmet restricted)
rElec    .         Reflect  .   (no cloak)
rCorr    .         Harm     .   (gloves unavailable)
MR       .....                  (boots unavailable)
Stlth    +.........             (no amulet)
HPRegen  0.49/turn              (no ring)
MPRegen  0.08/turn              (no ring)

@: no status effects
A: large, unfitting armour, claws 3, fast metabolism 3, gourmand, regeneration
1, shaggy fur 1, tough skin 3
a: no special abilities


You were on level 1 of the Dungeon.
You were full.

You visited 1 branch of the dungeon, and saw 1 of its levels.

You collected 73 gold pieces.

Inventory:

Missiles
 d - 5 boomerangs of dispersal (quivered)
Armour
 a - a +0 robe (worn)
Scrolls
 b - a scroll of identify {unknown}
 c - 4 scrolls of blinking
 e - a scroll of enchant armour {unknown}
 g - a scroll of teleportation {unknown}
Comestibles
 f - 3 rations


   Skills:
 + Level 1.7 Fighting
 - Level 0.8 Throwing
 + Level 2.0 Dodging
 + Level 2.2 Unarmed Combat
 + Level 1.3 Spellcasting
   Level 2.1 Translocations


You had 3 spell levels left.
You didn't know any spells.
Your spell library contained the following spells:

 Spells                   Type           Power        Failure   Level  Hunger
 Blink                    Tloc           N/A          22%         2    ###....
 Shroud of Golubria       Chrm/Tloc      #.....       34%         2    ###....
 Gell's Gravitas          Tloc           #.........   41%         3    ####...
 Lesser Beckoning         Tloc           #.........   41%         3    ####...
 Teleport Other           Tloc           #.......     41%         3    ####...
 Passage of Golubria      Tloc           N/A          82%         4    #####..


Dungeon Overview and Level Annotations

Branches:
Dungeon (1/15)

Altars:


Innate Abilities, Weirdness & Mutations

You are too large for most types of armour.
You have claws for hands.
Your metabolism is lightning-fast.
You like to eat raw meat.
Your natural rate of healing is unusually fast.
You are covered in fur. (AC +1)
You have extremely tough skin. (AC +3)


Message History

You closely miss the jackal.
The jackal bites you but does no damage.
You miss the jackal. The jackal bites you.
The jackal bites you but does no damage.
You scratch the jackal.
You kill the jackal!
You have reached level 2!
Okay, then.
Okay, then.
Sorry, you're not good enough to have a special ability.
There isn't anything here!
Unknown command.
Unknown command.
Sorry, you're not good enough to have a special ability.
Unknown command.
Unknown command.
Saving game... please wait.
Welcome back, Metae the Troll Warper.
Press ? for a list of commands and other information.
Are you sure you want to abandon this character and quit the game? (Confirm with "yes".)

.# #.........#######.####
.# #.########...........#
.# #.# #######.######## .#
#.# #.....#.......# .# #.#
#.###.#.#####.#
.#####.#####.#.#.#.#.....#
...........#.#...#.#.#####
.#########.#.#####(#.#...#
.# #.#....@).#.#.#.# .#
#.#######(#.#.#.# .#
#.........#.#.#.# .#
#########.#.#.#.# .#
#...(...#÷#.#.# .#
#####.#.#.#.#.# ##
#...#.#.#...#.#
#.#.#÷#.#####.#
#.#<#.#.#.....#


There were no monsters in sight!

Vanquished Creatures
  4 jackals (D:1)
  A kobold (D:1)
  A frilled lizard (D:1)
  A rat (D:1)
7 creatures vanquished.

Notes
Turn   | Place    | Note
-------+----------+-------------------------------------------
     0 | D:1      | Metae the Troll Warper began the quest for the Orb.
     0 | D:1      | Reached XP level 1. HP: 19/19 MP: 1/1
   325 | D:1      | Reached XP level 2. HP: 25/28 MP: 3/3
   327 | D:1      | Quit the game

Levels and vault maps discovered:
D:1:      matt_arrival_spirals, layout_loops_ring

Skill      XL: |  1 |
---------------+----+-----
Dodging        | 2 |  2.0
Fighting       | |  1.7
Throwing       | |  0.8
Unarmed Combat | |  2.2
Spellcasting   | |  1.3
Translocations | |  2.1

Action                   || total
-------------------------++-------
Melee: Unarmed           ||    20
  Eat: Chunk             ||     4
Armor: Robe              ||    10
Dodge: Dodged            ||     8
